 Dungeon Crawl Stone Soup version 0.28.0-53-g5a82cb258f (webtiles) character file.

Game seed: 16377431942636876725

63 Atelerd the Digger (level 4, 0/40 HPs)
             Began as an Octopode Earth Elementalist on July 25, 2022.
             Slain by Natasha (2 damage)
             ... on level 2 of the Dungeon.
             The game lasted 00:02:15 (1471 turns).

Atelerd the Digger (Octopode Earth Elementalist)    Turns: 1471, Time: 00:02:15

Health: 0/40       AC: 22    Str:  7    XL:     4   Next: 10%
Magic:  8/8        EV:  2    Int: 19    God:
Gold:   21         SH:  0    Dex: 12    Spells: 7/8 levels left

rFire   . . .      SeeInvis .   c - +0 dagger
rCold   . . .      Faith    .   (no shield)
rNeg    . . .      Spirit   .   (helmet currently unavailable)
rPois   +          Reflect  .   (no amulet)
rElec   .          Harm     .   (no ring)
rCorr   .          Rampage  .   (no ring)
Will    .....      NoTele   +   (no ring)
Stlth   ++........              (no ring)
HPRegen 0.13/turn               (no ring)
MPRegen 0.11/turn               (no ring)
                                (no ring)
                                (no ring)

@: tree-form
A: stationary, stasis, torment immunity, boosted hp, almost no armour,
(amphibious), 8 rings, (camouflage 1), (gelatinous body 1), (nimble swimmer 1),
(tentacles)
a: no special abilities


You were on level 2 of the Dungeon.
You were a tree.
You visited 1 branch of the dungeon, and saw 2 of its levels.

You collected 46 gold pieces.
You spent 25 gold pieces at shops.

Inventory:

Hand Weapons
 c - a +0 dagger (weapon)
Scrolls
 a - a scroll of teleportation
 b - a scroll of enchant weapon {unknown}
 e - a scroll of immolation {unknown}
 g - a scroll of identify


   Skills:
 - Level 2.1 Dodging
 - Level 3.0 Stealth
 * Level 2.8 Spellcasting
 * Level 2.2 Transmutations
 + Level 3.3 Earth Magic


You had 7 spell levels left.
You knew the following spells:

 Your Spells              Type           Power      Damage    Failure   Level
a - Sandblast             Erth           30%        2d9       3%          1

Your spell library contained the following spells:

 Spells                   Type           Power      Damage    Failure   Level
 Passwall                 Tmut/Erth      10%        N/A       8%          2
 Stone Arrow              Conj/Erth      18%        3d8       24%         3
 Petrify                  Tmut/Erth      13%        N/A       43%         4


Dungeon Overview and Level Annotations

Branches:
Dungeon (2/15)

Altars:

Shops:
D:1 *(   D:2 :

Annotations:
D:2 Natasha


Innate Abilities, Weirdness & Mutations

You are a tree.
Your roots penetrate the ground, keeping you stationary.
You cannot be teleported.
You are immune to unholy pain and torment.
Your maximum health is greatly increased.
You cannot wear most types of armour.
((You are amphibious.))
You can wear up to eight rings at the same time.
((Your skin changes colour to match your surroundings (Stealth+).))
((Your rubbery body absorbs attacks. (AC +1, EV +1)))
((You are camouflaged when in or above water. (Stealth+)))
((You have tentacles for arms and can constrict up to eight enemies at once.))


Message History

Natasha hisses.
Natasha zaps a wand.
The puff of flame misses you.
You can't see any susceptible monsters within range! (Use Z to cast anyway.)
There are monsters nearby!
Natasha zaps a wand.
The puff of flame misses you.
There are monsters nearby!
You don't have any stones to cast with.
Natasha howls an incantation.
You feel disoriented.
Natasha zaps a wand.
The puff of flame hits you!
Natasha zaps a wand.
The puff of flame hits you!
You are too injured to fight recklessly!
You are too injured to fight recklessly!
You are too injured to fight recklessly!
You are too injured to fight recklessly!
You are too injured to fight recklessly!
Natasha stares at you and mumbles some strange words.
The magic dart hits you!
* * * LOW HITPOINT WARNING * * *
Casting: Sandblast (safe; 3% risk of failure)
Confirm with . or Enter, or press ? or * to list all spells.
You don't have any stones to cast with.
It was a potion of lignification.
You turn into a tree.
Your roots penetrate the ground.
You swing at nothing.
Natasha zaps a wand.
The puff of flame hits you.
* * * LOW HITPOINT WARNING * * *
You hit the rat.
You kill the rat!
Natasha zaps a wand.
The puff of flame hits you.
* * * LOW HITPOINT WARNING * * *
You aren't carrying any potions.
As you read the scroll of fog, it crumbles to dust.
The scroll dissolves into smoke.
You hit Natasha.
Natasha is lightly wounded.
Natasha claws you but does no damage.
You hit Natasha.
Natasha is moderately wounded.
Natasha claws you.
You die...

...### .......##.###....#..###
##............##............#
###..........##..............#
†...#..####...................#
...##.###............)..........
...# # #........§..............
..... .......§§§§.............
..##.. .#....§§§§§.............
... .......###§§♣h§.............
.... ..... #.§§§§§........ ...#
.. .....####§..###.# #...# ...#
#... ..... #... ..#.. ... .. .
..#


You could see Natasha.

Vanquished Creatures
  An adder (D:2)
  A worm (D:2)
  3 dart slugs (D:1)
  3 ball pythons (D:1)
  4 endoplasms (D:1)
  3 giant cockroaches
  2 hobgoblins (D:1)
  3 jackals (D:1)
  4 kobolds
  4 quokkas
  2 bats
  3 frilled lizards
  4 goblins (D:1)
  5 rats
42 creatures vanquished.

Notes
Turn   | Place    | Note
-------+----------+-------------------------------------------
     0 | D:1      | Atelerd the Octopode Earth Elementalist began the quest for
                  | the Orb.
     0 | D:1      | Reached XP level 1. HP: 11/11 MP: 3/3
   153 | D:1      | Reached XP level 2. HP: 13/17 MP: 5/5
   612 | D:1      | Reached XP level 3. HP: 21/21 MP: 4/6
   719 | D:1      | Found Reckes's Weapon Shop.
   944 | D:1      | Found Riomuh's Assorted Antiques.
   952 | D:1      | Bought a scroll labelled DANODE ISEHEDD for 25 gold pieces
  1130 | D:1      | Found a faded altar of an unknown god.
  1313 | D:2      | Reached XP level 4. HP: 27/27 MP: 4/8
  1363 | D:2      | Found Gasei's Book Emporium.
  1460 | D:2      | Noticed Natasha
  1468 | D:2      | HP: 2/40 [Natasha/puff of flame (2)]
  1471 | D:2      | Slain by Natasha

Illustrated notes

Levels and vault maps discovered:
D:1:      dpeg_arrival_rooms_c, layout_basic, serial_shops, shop,
          nicolae_shop_bloodbath_and_beyond,
          dreamdust_ecumenical_altar_hidden_monk_grotto, st_stairs_13,
          minivault_4, columned_hall_lemuel, interstate_on_off
D:2:      layout_rooms, serial_shops, nicolae_shop_statue_plus, basic_altar,
          grunt_ministairs_1, uniq_natasha

Skill      XL: |  1  2  3 |
---------------+----------+-----
Stealth        | 3 |  3.0
Transmutations | 2 |  2.2
Dodging        | |  2.1
Spellcasting   | |  2.8
Earth Magic    | |  3.3

Action                   |  1- 3 |  4- 6 || total
-------------------------+-------+-------++-------
Melee: Unarmed           |     4 |       ||     4
       Dagger            |    31 |     6 ||    37
       Constrict         |    10 |     1 ||    11
       Tentacles         |     4 |       ||     4
 Cast: Sandblast         |    38 |     6 ||    44
  Use: Scroll            |     2 |     1 ||     3
       Potion            |       |     1 ||     1
 Stab: Sleeping          |     5 |     1 ||     6
Armor: Skin              |     2 |     2 ||     4
Dodge: Dodged            |    34 |     4 ||    38
